 Dungeon Crawl Stone Soup version 0.21.1-1-g345015f (webtiles) character file.

73 suicidejoker the Sneak (level 4, -4/29 HPs)
             Began as an Octopode Assassin on Apr 16, 2018.
             Slain by a hobgoblin
             ... wielding a +0 club
             ... led by Robin
              (5 damage)
             ... on level 2 of the Dungeon.
             The game lasted 00:02:54 (1763 turns).

suicidejoker the Sneak (Octopode Assassin)          Turns: 1763, Time: 00:02:55

Health: -4/29      AC:  1    Str: 11    XL:     4   Next: 27%
Magic:  6/6        EV: 12    Int: 13    God:
Gold:   129        SH:  3    Dex: 13    Spells: 6/6 levels left

rFire    . . .     SeeInvis .   a - +2 dagger
rCold    . . .     Gourm    .   e - +0 buckler
rNeg     . . .     Faith    .   (helmet restricted)
rPois    .         Spirit   .   (no amulet)
rElec    .         Reflect  .   (no ring)
rCorr    .         Harm     .   (no ring)
MR       .....                  (no ring)
Stlth    ++++......             (no ring)
HPRegen  0.09/turn              (no ring)
MPRegen  0.10/turn              (no ring)
                                (no ring)
                                (no ring)

@: flying
A: almost no armour, stealthy swim, amphibious, 8 rings, constrict 8, camouflage
1, gelatinous body 1
a: no special abilities


You were on level 2 of the Dungeon.
You were hungry.

You visited 1 branch of the dungeon, and saw 2 of its levels.

You collected 129 gold pieces.

Inventory:

Hand Weapons
 a - a +2 dagger (weapon)
 b - a +0 blowgun
 i - a +1 mace of protection
Missiles
 c - 8 poisoned needles
 d - 2 curare-tipped needles
 h - 103 stones (quivered)
 j - 4 bolts
 q - 31 arrows
 s - 5 javelins
 t - 27 sling bullets
Armour
 e - a +0 buckler (worn)
Scrolls
 k - 3 scrolls of remove curse {unknown}
 m - a scroll of enchant armour {unknown}
 p - 2 scrolls of identify {unknown}
Potions
 g - a potion of flight
 l - a potion of degeneration {unknown}
 n - a potion of curing {unknown}
 o - a potion of agility {unknown}
 r - 2 potions of mutation {unknown}
Comestibles
 f - 7 rations


   Skills:
 + Level 2.3 Fighting
 + Level 2.3 Short Blades
 + Level 2.4 Throwing
 + Level 1.5 Dodging
 + Level 5.6 Stealth
 + Level 0.9 Shields
 * Level 1.6 Spellcasting


You had 6 spell levels left.
You didn't know any spells.

Dungeon Overview and Level Annotations

Branches:
Dungeon (2/15)

Altars:

Annotations:
D:2 Robin


Innate Abilities, Weirdness & Mutations

You cannot wear most types of armour.
You are very stealthy in the water. (Stealth+)
You are amphibious.
You can wear up to eight rings at the same time.
You can use your tentacles to constrict eight enemies at once.
Your skin changes colour to match your surroundings (Stealth+).
Your rubbery body absorbs attacks. (AC +1, EV +1)


Message History

You block the goblin's attack.
You hit the goblin but do no damage.
The goblin is heavily wounded.
You constrict the goblin. The goblin completely misses you.
A hobgoblin comes into view. It is wielding a club.
You hit the goblin.
You kill the goblin!
The hobgoblin moves out of view.
You closely miss the hobgoblin. Your grab misses the hobgoblin.
The hobgoblin hits you with a club.
You closely miss the hobgoblin. You grab the hobgoblin.
You constrict the hobgoblin. The hobgoblin hits you with a club!
* * * LOW HITPOINT WARNING * * *
A goblin comes into view.
It was a potion of flight.
You feel very buoyant.
You fly up into the air.
You constrict the hobgoblin, but do no damage.
The hobgoblin hits you with a club.
You die...

##.# #.....##
##.......##
##># #.#..##
##.....## ...#
#...## ##...##
#### ##.#
#####'## #.
r.##.# # #.##.#
#.##.######
####...........
#gg@..#...#####
#g##.....## .g.
#.##.## #g.g
.(#### ########


You could see a hobgoblin and 4 goblins.

Vanquished Creatures
  An ooze (D:2)
  2 worms (D:2)
  2 leopard geckos (D:1)
  A ball python (D:2)
  3 bats
  2 giant cockroaches (D:1)
  12 goblins
  5 hobgoblins
  8 jackals
  A quokka (D:2)
  2 frilled lizards
  8 kobolds
  8 rats
55 creatures vanquished.

Notes
Turn   | Place    | Note
-------+----------+-------------------------------------------
     0 | D:1      | suicidejoker the Octopode Assassin began the quest for the Orb.
     0 | D:1      | Reached XP level 1. HP: 14/14 MP: 1/1
    45 | D:1      | Reached XP level 2. HP: 18/19 MP: 2/2
   465 | D:1      | Reached skill level 1 in Spellcasting
   507 | D:1      | Reached XP level 3. HP: 23/24 MP: 4/4
  1484 | D:2      | Reached XP level 4. HP: 29/29 MP: 6/6
  1747 | D:2      | Noticed Robin
  1762 | D:2      | HP: 1/29 [hobgoblin/club[Robin] (9)]
  1763 | D:2      | Slain by a hobgoblin

Skill      XL: |  1  2 |
---------------+-------+-----
Spellcasting   | 1 |  1.6
Fighting       | |  2.3
Short Blades   | |  2.3
Throwing       | |  2.4
Dodging        | |  1.5
Stealth        | |  5.6
Shields        | |  0.9

Action                   |  1- 3 |  4- 6 || total
-------------------------+-------+-------++-------
Melee: Dagger            |    72 |    35 ||   107
       Constrict         |    13 |     8 ||    21
       Tentacles         |    13 |     3 ||    16
  Use: Potion            |       |     1 ||     1
 Stab: Sleeping          |    16 |     1 ||    17
  Eat: Chunk             |     2 |       ||     2
Armor: Skin              |     4 |     2 ||     6
Dodge: Dodged            |    36 |    14 ||    50
Block: Buckler           |     6 |     4 ||    10
